 Dungeon Crawl Stone Soup version 0.21.1-1-g345015f (webtiles) character file.

143 Hebeh the Covered (level 5, -3/49 HPs)
             Began as a Deep Dwarf Fighter on June 16, 2018.
             Slain by a gnoll
             ... wielding a +3 halberd
              (5 damage)
             ... on level 3 of the Dungeon.
             The game lasted 00:07:25 (1560 turns).

Hebeh the Covered (Deep Dwarf Fighter)              Turns: 1560, Time: 00:07:26

Health: -3/49      AC:  7    Str: 20    XL:     5   Next: 4%
Magic:  4/4        EV:  7    Int:  9    God:
Gold:   94         SH:  9    Dex: 12    Spells: 4/4 levels left

rFire    . . .     SeeInvis .   a - +0 war axe
rCold    . . .     Gourm    .   c - +0 shield
rNeg     . . .     Faith    .   b - +0 scale mail
rPois    .         Spirit   .   (no helmet)
rElec    .         Reflect  .   (no cloak)
rCorr    .         Harm     .   (no gloves)
MR       .....                  (no boots)
Stlth    ..........             (no amulet)
HPRegen  0.00/turn              (no ring)
MPRegen  0.09/turn              (no ring)

@: non-regenerating
A: damage resistance, heal wounds, sense surroundings 1, no regeneration
a: Heal Wounds


You were on level 3 of the Dungeon.
You were not hungry.

You visited 1 branch of the dungeon, and saw 3 of its levels.

You collected 94 gold pieces.

Inventory:

Hand Weapons
 a - a +0 war axe (weapon)
 g - a +0 flail
 p - a +1 whip of pain
Armour
 b - a +0 scale mail (worn)
 c - a +0 shield (worn)
Scrolls
 k - 3 scrolls of amnesia {unknown}
 o - 2 scrolls of enchant armour {unknown}
Potions
 d - a potion of might
 e - 3 potions of mutation {unknown}
 i - 4 potions of curing
 j - 2 potions of flight {unknown}
 m - 2 potions of lignification {unknown}
 n - a potion of resistance {unknown}
Comestibles
 f - 4 rations
 l - a chunk of flesh


   Skills:
 + Level 3.3 Fighting
 * Level 4.0 Axes
 + Level 4.0 Armour
 + Level 4.0 Shields


You had 4 spell levels left.
You didn't know any spells.

Dungeon Overview and Level Annotations

Branches:
Dungeon (3/15)

Altars:
Fedhas
Xom


Innate Abilities, Weirdness & Mutations

You are resistant to damage.
You can heal yourself by infusing magical energy.
You passively map a small area around you.
You do not regenerate.


Message History

You are too injured to fight recklessly!
You are too injured to fight recklessly!
You are too injured to fight recklessly!
You hit the kobold.
You kill the kobold!
The gnoll hits you from afar with an enchanted halberd!
* * * LOW HITPOINT WARNING * * *
You hit the gnoll but do no damage. The gnoll barely misses you.
The gnoll hits you from afar with an enchanted halberd!
* * * LOW HITPOINT WARNING * * *
You slash the gnoll!
The gnoll is almost dead.
The gnoll hits you with a whip.
* * * LOW HITPOINT WARNING * * *
The gnoll hits you but does no damage. The gnoll barely misses you.
You slash the gnoll!
You kill the gnoll!
You have reached level 5!
The gnoll hits you from afar with an enchanted halberd.
You die...

#.#..#.###.. *
#...)#.# * .%
###.(#.# ,.*
.######..#.#
,, .........#
** #######..#
, #..# * * *
###..######...
#....(@)..?>..
* *
#.#.####g##.##
, #.#$., .., #
### ## * *, *
,* , * * * * ,


You could see a gnoll.

Vanquished Creatures
  3 adders
  4 gnolls
  An ooze (D:2)
  A worm (D:2)
  2 dart slugs
  3 orcs (D:3)
  A ball python (D:1)
  2 giant cockroaches
  9 goblins
  5 hobgoblins (D:1)
  7 jackals (D:1)
  9 kobolds
  A quokka (D:3)
  6 bats
  2 frilled lizards
  6 rats
62 creatures vanquished.

Notes
Turn   | Place    | Note
-------+----------+-------------------------------------------
     0 | D:1      | Hebeh the Deep Dwarf Fighter began the quest for the Orb.
     0 | D:1      | Reached XP level 1. HP: 20/20 MP: 1/1
   175 | D:1      | Reached XP level 2. HP: 22/27 MP: 2/2
   382 | D:1      | Reached XP level 3. HP: 17/34 MP: 3/3
  1011 | D:2      | Found a shimmering altar of Xom.
  1043 | D:2      | Reached XP level 4. HP: 28/42 MP: 3/3
  1157 | D:2      | Found a blossoming altar of Fedhas.
  1559 | D:3      | HP: 2/42 [gnoll/whip (3)]
  1560 | D:3      | Reached XP level 5. HP: 2/49 MP: 4/4
  1560 | D:3      | Slain by a gnoll

Skill      XL: |  1  2  3  4 |
---------------+-------------+-----
Fighting       | 3 |  3.3
Axes           | 3 4 |  4.0
Armour         | 4 |  4.0
Shields        | 4 |  4.0

Action                   |  1- 3 |  4- 6 || total
-------------------------+-------+-------++-------
Melee: War axe           |   148 |    96 ||   244
 Abil: Heal Wounds       |     1 |     1 ||     2
  Use: Scroll            |       |     3 ||     3
  Eat: Chunk             |     1 |     2 ||     3
Armor: Scale mail        |    71 |    46 ||   117
Dodge: Dodged            |    47 |    30 ||    77
Block: Shield            |    91 |    58 ||   149
